 Dungeon Crawl Stone Soup version 0.32-a0-768-g0f6f1dd4b9 (webtiles) character file.

Game seed: 11550810121777538550

1264 ezpacito the Trooper (level 8, -7/61 HPs)
             Began as a Coglin Chaos Knight on Mar 18, 2024.
             Was a Plaything of Xom.
             Mangled by a gnoll sergeant
             ... wielding a +4 spear of pain
              (10 damage)
             ... on level 5 of the Dungeon.
             The game lasted 00:04:39 (4674 turns).

ezpacito the Trooper (Coglin Chaos Knight)          Turns: 4674, Time: 00:04:39

Health: -7/61      AC: 13    Str: 14    XL:     8   Next: 52%
Magic:  11/11      EV:  7    Int: 12    God:    Xom [..*...]
Gold:   228        SH:  0    Dex: 14    Spells: 2/11 levels left

rFire   . . .        h - +2 broad axe (flame) {Ealdgyð}
rCold   . . .        a - +0 hand axe (chaos) {Alejandra}
rNeg    . . .        n - +0 chain mail
rPois   .            (helmet restricted)
rElec   .            (no cloak)
rCorr   .            y - +0 pair of gloves
SInv    +            g - +0 pair of boots
Will    .....        (amulet unavailable) Stlth
                     (ring unavailable)
HPRegen 0.30/turn    (ring unavailable)
MPRegen 0.12/turn    (no gizmo)

%: no passive effects
@: about to teleport, attractive, invisible, revving
A: off-hand wielding, slow wielding, warmup strikes, no jewellery, horns 1,
iridescent scales 1, see invisible, sense surroundings 2
a: Invent Gizmo, Renounce Religion


You were on level 5 of the Dungeon.
You worshipped Xom.
You were a toy of Xom.
You visited 1 branch of the dungeon, and saw 5 of its levels.

You collected 228 gold pieces.

Inventory:

Hand Weapons
 a - a +0 hand axe of chaos (offhand) {Alejandra}
 h - a +2 broad axe of flaming (weapon) {Ealdgyð}
 p - a +0 trident
 q - a +0 dagger of flaming
 v - a +0 hand axe of freezing
Missiles
 e - 2 throwing nets (quivered)
 o - 16 poisoned darts
 x - 11 boomerangs
Armour
 g - a +0 pair of boots (worn)
 n - a +0 chain mail (worn)
 y - a +0 pair of gloves (worn)
Magical Staves
 d - a staff of cold
Talismans
 s - a flux talisman
 C - a storm talisman
Wands
 l - a wand of flame (22)
Scrolls
 b - 2 scrolls of identify {unknown}
 f - 3 scrolls of immolation {unknown}
 m - a scroll of blinking {unknown}
 r - a scroll of silence {unknown}
 t - 3 scrolls of teleportation
 u - a scroll of poison {unknown}
 B - a scroll of fear {unknown}
Potions
 i - a potion of haste {unknown}
 j - a potion of lignification {unknown}
 k - a potion of enlightenment {unknown}
 w - a potion of mutation {unknown}
 z - a potion of curing {unknown}


   Skills:
 * Level 4.9 Fighting
 * Level 4.9(5.2) Axes
 + Level 2.3(3.7) Polearms
 * Level 4.0 Armour
 * Level 3.6 Dodging
 + Level 2.3 Stealth
 + Level 2.1 Spellcasting
 + Level 1.4 Alchemy
 + Level 3.2 Evocations


You had 2 spell levels left.
You knew the following spells:

 Your Spells              Type           Power      Damage    Failure   Level
a - Fugue of the Fallen   Necr           1%         N/A       100%        3
b - Sculpt Simulacrum     Ice/Alch       1%         N/A       100%        6

Your spell library contained the following spells:

 Spells                   Type           Power      Damage    Failure   Level
 Ozocubu's Armour         Ice            1%         N/A       100%        3
 Manifold Assault         Tloc           1%         N/A       100%        4
 Ozocubu's Refrigeration  Ice            0%         4d7       100%        7
 Polar Vortex             Ice            0%         N/A       100%        9


Dungeon Overview and Level Annotations

Branches:
Dungeon (5/15)
 Temple: D:4-7

Altars:
Nemelex Xobeh
Xom


Innate Abilities, Weirdness & Mutations

You can wield a second weapon in your off-hand.
It takes a long time for you to wield or remove held weapons.
Your first few attacks do less damage.
You cannot equip rings or amulets.
You have a pair of small horns on your head.
You are partially covered in iridescent scales. (AC +2)
You have supernaturally acute eyesight. (SInv)
You passively map the area around you.


Message History

You are too injured to fight recklessly!
You are too injured to fight recklessly!
You take 13 damage, and have 36/61 hp.
MASSIVE DAMAGE!!
You are too injured to fight recklessly!
You are too injured to fight recklessly!
You are too injured to fight recklessly!
You are too injured to fight recklessly!
It was a potion of attraction.
You feel attractive to monsters.
Xom is highly amused!
The gnoll hits you from afar with a +0 halberd.
The gnoll sergeant barely misses you. The orc hits you but does no damage.
The phantom hits you.
The gnoll sergeant is attracted toward you.
The gnoll is attracted toward you. x2; Something is attracted toward you.
You take 5 damage, and have 31/61 hp.
As you read the scroll labelled GAUDUA HUBO, it crumbles to dust.
You feel strangely unstable.
It was a scroll of teleportation.
t - 3 scrolls of teleportation;
n - a +0 chain mail (worn)
Xom makes a sudden noise!
You hear a twanging sound.
You hear a shout!
The gnoll hits you but does no damage. The orc hits you but does no damage.
The gnoll hits you from afar with a +0 spear.
The orc hits you with a +0 mace. The orc hits you with a +0 whip.
The phantom hits you but does no damage.
The gnoll is attracted toward you.
You take 12 damage, and have 19/61 hp.
Okay, then.
It was a potion of invisibility.
You fade into invisibility!
The gnoll hits you from afar with a +0 halberd!
* * * LOW HITPOINT WARNING * * *
The orc barely misses you.
The gnoll hits you from afar with a +0 spear!
* * * LOW HITPOINT WARNING * * *
The gnoll hits you with a +0 whip.
* * * LOW HITPOINT WARNING * * *
The gnoll sergeant hits you with a +4 spear of pain!
You die...
Xom laughs nastily!

** *
#.###............ * *
#..#.####.... *
#..#.# ##.## ##..#.#
#.... , * ##
###.....####..## * ,
, ...##...........# *
*
#####<##.#.######.##
#...#Wg....)......###
#..g@o...............
,
#..goo.....##########
*#.# ** ##gg####.###
* .....####.§# #.#
..........§# #.#
.....####.g# #.# #.#
#..# .# #.g.g, * ## *


You could see a phantom (unable to see you, vitrified), a gnoll sergeant (unable
to see you), 4 gnolls and 3 orcs.

Vanquished Creatures
  A wyvern (D:5)
  A black bear (D:4)
  An ice beast (D:5)
  2 ogres (D:4)
  2 phantoms
  3 scorpions (D:4)
  A bombardier beetle (D:5)
  3 jellies
  An orc priest (D:5)
  Jessica (D:2)
  2 iguanas
  Natasha (thrice) (D:2)
  8 adders
  2 ribbon worms (D:2)
  A dart slug (D:1)
  3 orcs (D:5)
  2 bats
  10 endoplasms
  A giant cockroach (D:3)
  A goblin (D:4)
  5 hobgoblins
  2 jackals (D:4)
  2 quokkas
  6 ball pythons
  6 frilled lizards
  9 kobolds
  13 rats
92 creatures vanquished.

Notes
Turn   | Place    | Note
-------+----------+-------------------------------------------
     0 | D:1      | ezpacito the Coglin Chaos Knight began the quest for the
                  | Orb.
     0 | D:1      | Reached XP level 1. HP: 18/18 MP: 1/1
    52 | D:1      | XOM: divination: detect items
    96 | D:1      | XOM: butterfly on damage
   117 | D:1      | XOM: divination: detect creatures
   131 | D:1      | You fall into a shaft and drop 1 floor!
   144 | D:2      | XOM: potion effect (attraction)
   153 | D:2      | Reached skill level 1 in Dodging
   211 | D:2      | XOM: 2-stop teleportation journey
   264 | D:1      | Reached XP level 2. HP: 22/24 MP: 2/2
   614 | D:1      | XOM: scenery: create altars
   616 | D:1      | XOM: give mutations
   616 | D:1      | Gained mutation: You passively map a small area around you.
                  | [Xom's mischief]
   616 | D:1      | Gained mutation: Your flesh is heat resistant. (rF+) [Xom's
                  | mischief]
   616 | D:1      | Gained mutation: You passively map the area around you.
                  | [Xom's mischief]
   616 | D:1      | Gained mutation: You have supernaturally acute eyesight.
                  | (SInv) [Xom's mischief]
   757 | D:1      | XOM: stat loss: -1 Dex (12/13)
   959 | D:1      | Reached XP level 3. HP: 29/29 MP: 3/3
  1164 | D:2      | XOM: give mutation
  1164 | D:2      | Lost mutation: Your flesh is heat resistant. (rF+) [Xom's
                  | mischief]
  1218 | D:2      | Noticed Natasha
  1226 | D:2      | Killed Natasha
  1328 | D:2      | Found a faded altar of an unknown god.
  1366 | D:2      | Reached XP level 4. HP: 35/35 MP: 5/5
  1416 | D:2      | XOM: draining
  1517 | D:2      | Noticed Natasha
  1524 | D:2      | Killed Natasha
  1525 | D:2      | Reached skill level 1 in Evocations
  1664 | D:2      | XOM: god gift: leather armour {god gift}
  1689 | D:2      | Noticed Natasha
  1697 | D:2      | Killed Natasha
  1698 | D:2      | Reached skill level 1 in Stealth
  1698 | D:2      | Reached skill level 1 in Spellcasting
  1698 | D:2      | Reached XP level 5. HP: 32/39 MP: 6/6
  1939 | D:2      | Noticed Jessica
  1947 | D:2      | Killed Jessica
  1948 | D:2      | Reached skill level 1 in Polearms
  2072 | D:2      | XOM: cloud trail
  2291 | D:2      | XOM: cloud trail
  2351 | D:2      | XOM: draining
  2436 | D:3      | XOM: give mutations
  2436 | D:3      | Gained mutation: You have a pair of small horns on your
                  | head. [Xom's mischief]
  2436 | D:3      | Gained mutation: Your body sometimes deteriorates upon
                  | taking damage. [Xom's mischief]
  2436 | D:3      | Gained mutation: You are partially covered in iridescent
                  | scales. (AC +2) [Xom's mischief]
  2436 | D:3      | Lost mutation: Your body sometimes deteriorates upon taking
                  | damage. [Xom's mischief]
  2538 | D:3      | XOM: divination: detect items
  2885 | D:3      | XOM: divination: detect items
  3196 | D:4      | Reached XP level 6. HP: 38/48 MP: 7/7
  3503 | D:4      | HP: 2/48 [ogre/+0 giant club (20)]
  3656 | D:4      | Noticed a black bear
  3663 | D:4      | Killed a black bear
  3664 | D:4      | Reached XP level 7. HP: 48/54 MP: 9/9
  3686 | D:4      | XOM: cloud trail
  3687 | D:4      | Found a sparkling altar of Nemelex Xobeh.
  3898 | D:4      | Learned a level 3 spell: Fugue of the Fallen
  3905 | D:4      | Learned a level 6 spell: Sculpt Simulacrum
  4005 | D:4      | XOM: silly message
  4015 | D:4      | XOM: 4-stop teleportation journey
  4106 | D:4      | XOM: scenery: 2 doors close
  4316 | D:5      | Entered Level 5 of the Dungeon
  4418 | D:5      | Reached XP level 8. HP: 61/61 MP: 10/10
  4454 | D:5      | Noticed a wyvern
  4457 | D:5      | XOM: enchant monster (good)
  4459 | D:5      | Killed a wyvern
  4460 | D:5      | Reached skill level 1 in Alchemy
  4673 | D:5      | XOM: noise
  4674 | D:5      | HP: 3/61 [gnoll/+0 whip[a gnoll sergeant] (2)]
  4674 | D:5      | Mangled by a gnoll sergeant

Illustrated notes

Levels and vault maps discovered:
D:1:      dpeg_arrival_ratfight, layout_loops_corners, minmay_small_reverse_x
D:2:      mumra_celtic_spiral_tile, layout_loops_ring,
          hellmonk_ecumenical_altar_leap_of_faith, minmay_box_of_dots,
          uniq_natasha, uniq_jessica
D:3:      layout_basic
D:4:      layout_loops_corners, overflow_temple_1_default, minmay_fountain_box,
          minmay_misc_feat_iff, kennysheep_potato
D:5:      layout_loops_ring

Skill      XL: |  1  2  3  4  5  6  7  8 |
---------------+-------------------------+-----
Dodging        | 1 2 3 |  3.6
Armour         | 2 3 4 |  4.0
Evocations     | 1 2 3 |  3.2
Stealth        | 1 2 |  2.3
Spellcasting   | 1 2 |  2.1
Polearms       | 1 2 |  2.3
Fighting       | 4 |  4.9
Axes           | 4 |  4.9
Alchemy        | 1 |  1.4

Action                     |  1- 3 |  4- 6 |  7- 9 || total
---------------------------+-------+-------+-------++-------
  Melee: Hand axe          |    43 |    71 |    44 ||   158
         Dagger            |    12 |       |       ||    12
         Broad axe         |    37 |    74 |    52 ||   163
         Headbutt          |       |     9 |    13 ||    22
    Use: Potion            |       |     3 |     2 ||     5
         Scroll            |       |     1 |     1 ||     2
   Stab: Petrified         |     9 |       |       ||     9
         Petrifying        |     1 |     1 |       ||     2
         Sleeping          |       |     1 |       ||     1
         Paralysed         |       |       |     3 ||     3
 Armour: Leather armour    |    24 |    28 |       ||    52
         Chain mail        |       |    37 |    55 ||    92
  Dodge: Dodged            |    27 |    45 |    19 ||    91

Table legend: (Time is in decaauts)
 A = Elapsed time spent in this place.
 B = Non-inter-level travel time spent in this place.
 C = Inter-level travel time spent in this place.
 D = Time resting spent in this place.
 E = Time spent auto-exploring this place.
 F = Levels seen in this place.
 G = Mean time per level.
                   A        B        C        D        E       F      G
               +--------+--------+--------+--------+--------+-----+--------+
         Total |   4738 |   4603 |    135 |    230 |   3738 |   5 |  947.6 |
       Dungeon |   4738 |   4603 |    135 |    230 |   3738 |   5 |  947.6 |
               +--------+--------+--------+--------+--------+-----+--------+

Top non-repeatable levels by time:
     D:2: 1363 daAuts
     D:4: 1149 daAuts
     D:1: 1066 daAuts
     D:3: 793 daAuts
     D:5: 365 daAuts
